 Dungeon Crawl Stone Soup version 0.31.0-11-ge490571c62 (webtiles) character file.

Game seed: 15040940456450951450

990 qw the Skirmisher (level 7, 0/31 (35) HPs)
             Began as a Spriggan Hunter on Feb 3, 2024.
             Killed by divine providence
             ... invoked by Jeremiah
              (12 damage)
             ... on level 6 of the Dungeon.
             The game lasted 00:00:19 (4073 turns).

qw the Skirmisher (Spriggan Hunter)                 Turns: 4073, Time: 00:00:19

HP:   0/31 (35)     AC:  2    Str:  7    XL:     7   Next: 98%
MP:   8/8           EV: 23    Int: 10    God:
Gold: 31            SH:  0    Dex: 21    Spells: 6/6 levels left

rFire   . . .        a - +0 shortbow
rCold   . . .        (shield currently unavailable)
rNeg    . . .        c - +0 robe
rPois   .            (helmet restricted)
rElec   .            (no cloak)
rCorr   +            (gloves unavailable)
SInv    +            (boots unavailable)
Will    +....        (no amulet)
Stlth   ++           d - ring of resist corrosion
HPRegen 0.25/turn    (no ring)
MPRegen 0.11/turn

%: no passive effects
@: marked, heavily drained, very quick
A: very small, no large weapons, unfitting armour, see invisible, speed 3
a: no special abilities


You were on level 6 of the Dungeon.
You visited 2 branches of the dungeon, and saw 7 of its levels.

You collected 194 gold pieces.
You spent 163 gold pieces at shops.


Innate Abilities, Weirdness & Mutations

You are very small and have problems with some larger weapons.
You are too small for most types of armour.
You have supernaturally acute eyesight. (SInv)
You cover ground extremely quickly. (Speed+++)


   Skills:
 + Level 2.2 Fighting
 - Level 8.0 Ranged Weapons
 - Level 8.0 Dodging
 - Level 1.5 Stealth


You had 6 spell levels left.
You didn't know any spells.
Your spell library was empty.

Inventory:

Hand Weapons
 a - a +0 shortbow (weapon)
Armour
 c - a +0 robe (worn)
Jewellery
 d - a ring of resist corrosion (left hand)
Wands
 b - a wand of roots (15)
 e - a wand of polymorph (10)
 j - a wand of paralysis (9)
Scrolls
 f - 3 scrolls of teleportation
 k - 2 scrolls of identify
Potions
 g - a potion of resistance
 h - 2 potions of curing
 i - a potion of might

Dungeon Overview and Level Annotations

Branches:
Dungeon (6/15)             Temple (1/1) D:5

Altars:
Ashenzari
Dithmenos
Gozag
Hepliaklqana
Kikubaaqudgha
Makhleb
Nemelex Xobeh
Qazlal
Ru
Sif Muna
Uskayaw
Vehumet
Wu Jian
Xom
Yredelemnul
The Shining One

Shops:
D:3 ?   D:5 *

Annotations:
D:6 Jeremiah


Message History

You shoot an arrow.
The arrow hits the sleepcap but does no damage.
The sleepcap is severely damaged.
The sleepcap misses you.
You shoot an arrow. The arrow hits the sleepcap!
The sleepcap is almost destroyed.
The sleepcap releases spores at you.
You are engulfed in a cloud of soporific spores!
You fall asleep.
The sleepcap releases spores at you!
You wake up.
You are engulfed in a cloud of soporific spores!
You are unaffected.
You shoot an arrow. The arrow hits the sleepcap!
You destroy the sleepcap!
You start resting.
HP restored.
Found a stone staircase leading down.
A malevolent force fills the Dungeon...
With a horrendous wail, an alarm goes off!
A sentinel's mark forms upon you.
You hear a shout! x2; You hear an angry growl.
You hear a shout! x3
You hear a loud, deep croak!
Jeremiah, Barachi Dreamer comes into view.
They are wielding a +3 trident of draining and wearing an orb of energy.
4060 ||| FLEEEEING.
You start waiting.
Jeremiah is nearby!
You shoot an arrow. The arrow closely misses Jeremiah.
Jeremiah hits you from afar with a +3 trident of draining!
You feel drained.
Jeremiah hits you from afar with a +3 trident of draining.
You feel drained.
An orc comes into view. It is wielding a +0 club.
Jeremiah misses you. Jeremiah misses you.
Jeremiah hits you from afar with a +3 trident of draining!
You feel drained.
Jeremiah mumbles a slurred invocation.
Something smites you!
You die...
Jeremiah asks, "Is it over?
Can I wake up now?"

.........##
........## ........#
. ####+##.# .F
#.#..# ... #.#.##
.... #.#.# .....
#####.#.######
......#b@..........#
#oFbb.bb.......#
#######........#
#........#
#........#
#........#
#........#
#........# #
#........ #


You could see Jeremiah and an orc.

Vanquished Creatures
  Sigmund (D:3)
  2 phantoms (D:5)
  A scorpion (D:5)
  A howler monkey (D:5)
  2 bombardier beetles
  2 orc priests (D:5)
  A sleepcap (D:6)
  3 hounds
  2 jellies
  2 iguanas (D:5)
  An orc wizard (D:4)
  4 gnolls (D:3)
  2 adders
  A ribbon worm (D:3)
  11 orcs
  9 ball pythons
  6 endoplasms
  2 giant cockroaches (D:1)
  12 goblins
  8 hobgoblins
  6 jackals
  5 kobolds
  5 quokkas
  7 bats
  2 frilled lizards (D:1)
  3 rats (D:1)
101 creatures vanquished.

Vanquished Creatures (others)
  2 orc wizards (D:5)
2 creatures vanquished.

Grand Total: 103 creatures vanquished

Notes
Turn   | Place    | Note
-------+----------+-------------------------------------------
     0 | D:1      | qw the Spriggan Hunter began the quest for the Orb.
     0 | D:1      | Reached XP level 1. HP: 10/10 MP: 2/2
     0 | D:1      | 0 ||| qw: Version: 0.3-a-157-g843a77d
     0 | D:1      | 0 ||| qw: Game counter: 3658
     0 | D:1      | 0 ||| qw: Melee chars always use a shield: true
     0 | D:1      | 0 ||| qw: God list: Okawaru
     0 | D:1      | 0 ||| qw: Allow faded altars: false
     0 | D:1      | 0 ||| qw: Do Orc after clearing Dungeon:15 true
     0 | D:1      | 0 ||| qw: Do second Lair branch before Depths: true
     0 | D:1      | 0 ||| qw: Lair rune preference: random
     0 | D:1      | 0 ||| qw: Goals: Normal
     0 | D:1      | 0 ||| PLANNING D:1-11
    46 | D:1      | Reached skill level 3 in Dodging
    91 | D:1      | Reached XP level 2. HP: 13/14 MP: 3/3
   342 | D:1      | 342 ||| RETREEEEATING.
   357 | D:1      | Reached XP level 3. HP: 7/18 MP: 4/4
   664 | D:1      | 664 ||| UPGRADING to ring of resist corrosion.
   665 | D:1      | 665 ||| DROPPING +6 ring of intelligence.
   666 | D:1      | 666 ||| READING scroll labelled ITZAYVIPLO.
   671 | D:1      | 671 ||| READING 2 scrolls labelled ULLAKO INWYMU.
   672 | D:1      | 672 ||| READING scroll labelled WAAN IKUNACH.
   673 | D:1      | 673 ||| DROPPING scroll of butterflies.
   674 | D:1      | 674 ||| DROPPING scroll of noise.
  1025 | D:2      | Reached XP level 4. HP: 22/22 MP: 5/5
  1204 | D:2      | 1204 ||| READING 3 scrolls of identify.
  1204 | D:2      | 1204 ||| IDENTIFYING metallic blue potion
  1205 | D:2      | 1205 ||| READING 2 scrolls of identify.
  1205 | D:2      | 1205 ||| IDENTIFYING viscous puce potion
  1206 | D:2      | 1206 ||| READING scroll of identify.
  1206 | D:2      | 1206 ||| IDENTIFYING emerald potion
  1207 | D:2      | 1207 ||| DROPPING potion of lignification.
  1416 | D:3      | Reached XP level 5. HP: 26/26 MP: 6/6
  1649 | D:3      | Identified the +2 short sword of the Parsimonious God
                  | {holy, *Noise Str+4 Int+8}
  1723 | D:3      | Found Wutuuzuj's Magic Scroll Shoppe.
  1731 | D:3      | 1731 ||| BUYING scroll of identify (20 gold).
  1731 | D:3      | Bought a scroll of identify for 20 gold pieces
  1731 | D:3      | 1731 ||| BUYING scroll of identify (20 gold).
  1731 | D:3      | Bought a scroll of identify for 20 gold pieces
  1731 | D:3      | 1731 ||| BUYING scroll of identify (20 gold).
  1731 | D:3      | Bought a scroll of identify for 20 gold pieces
  1731 | D:3      | 1731 ||| BUYING scroll of identify (20 gold).
  1731 | D:3      | Bought a scroll of identify for 20 gold pieces
  1731 | D:3      | 1731 ||| SHOPLISTING scroll of teleportation (30 gold, have
                  | 6).
  1799 | D:3      | Noticed Sigmund
  1814 | D:3      | Killed Sigmund
  1815 | D:3      | Reached skill level 6 in Ranged Weapons
  1815 | D:3      | Reached XP level 6. HP: 16/30 MP: 7/7
  2010 | D:3      | 2010 ||| DROPPING ring of magical power.
  2011 | D:3      | 2011 ||| READING 4 scrolls of identify.
  2011 | D:3      | 2011 ||| IDENTIFYING fizzy white potion
  2012 | D:3      | 2012 ||| READING 3 scrolls of identify.
  2012 | D:3      | 2012 ||| IDENTIFYING silvery potion
  2013 | D:3      | 2013 ||| READING 2 scrolls of identify.
  2013 | D:3      | 2013 ||| IDENTIFYING 2 glowing puce potions
  2014 | D:3      | 2014 ||| DROPPING potion of invisibility.
  2015 | D:3      | 2015 ||| DROPPING 2 potions of attraction.
  2055 | D:4      | 2055 ||| STAIRDANCE
  2061 | D:4      | 2061 ||| STAIRDANCE
  2068 | D:4      | 2068 ||| STAIRDANCE
  2259 | D:4      | Reached skill level 6 in Dodging
  2997 | D:4      | 2997 ||| READING 3 scrolls of identify.
  2997 | D:4      | 2997 ||| IDENTIFYING scroll labelled YMEALU CIHE
  2998 | D:4      | 2998 ||| READING 2 scrolls of identify.
  2998 | D:4      | 2998 ||| IDENTIFYING scroll labelled EZICVIJ ROPP
  2999 | D:4      | 2999 ||| DROPPING scroll of immolation.
  3000 | D:4      | 3000 ||| DROPPING scroll of fog.
  3041 | D:5      | Entered Level 5 of the Dungeon
  3090 | D:5      | Reached XP level 7. HP: 35/35 MP: 8/8
  3159 | D:5      | HP: 5/35 [iguana (8)]
  3160 | D:5      | 3160 ||| READING 3 scrolls of teleportation.
  3161 | D:5      | 3161 ||| DRINKING potion of heal wounds.
  3237 | D:5      | Found a staircase to the Ecumenical Temple.
  3238 | D:5      | 3238 ||| PLANNING TEMPLE
  3311 | Temple   | Entered the Ecumenical Temple
  3312 | Temple   | 3312 ||| PLANNING D:1-11
  3502 | D:5      | Found Qifacyarch's Specific Store.
  3508 | D:5      | Found Pieh's General Store.
  3512 | D:5      | 3512 ||| BUYING potion of might (44 gold).
  3512 | D:5      | Bought a potion of might for 44 gold pieces
  3516 | D:5      | 3516 ||| SHOPLISTING potion of might (52 gold, have 46).
  3516 | D:5      | 3516 ||| BUYING scroll of teleportation (39 gold).
  3516 | D:5      | Bought a scroll of teleportation for 39 gold pieces
  3613 | D:5      | Found an ornate altar of the Wu Jian Council.
  4059 | D:6      | Noticed Jeremiah
  4060 | D:6      | 4060 ||| FLEEEEING.
  4073 | D:6      | Killed from afar by Jeremiah

Levels and vault maps discovered:
D:1:      lemuel_arrival_hallway, layout_basic, palyth_stone_intersect
D:2:      layout_loops_cross
D:3:      layout_basic, serial_shops, shop, uniq_sigmund
D:4:      layout_loops_corners
D:5:      layout_loops_ring, mainiacjoe_overflow_chevrons,
          minmay_temple_entry_wispy, nicolae_specific_store
D:6:      layout_basic, mainiacjoe_overflow_catwalk, lemuel_doored_altar,
          minmay_joined_circles, uniq_jeremiah
Temple:   regret_index_temple_generic_petals

Skill      XL: |  1  2  3  4  5  6  7 |
---------------+----------------------+-----
Dodging        | 3 4 5 6 8 |  8.0
Ranged Weapons | 5 6 7 8 |  8.0
Fighting       | 2 |  2.2
Stealth        | |  1.5

Action                     |  1- 3 |  4- 6 |  7- 9 || total
---------------------------+-------+-------+-------++-------
   Fire: Shortbow          |   143 |   136 |   106 ||   385
    Use: Scroll            |     3 |     8 |     1 ||    12
         Potion            |       |       |     1 ||     1
 Armour: Robe              |    24 |    17 |    22 ||    63
  Dodge: Dodged            |    89 |    62 |    54 ||   205

Table legend:
 A = Non-vault XP
 B = Vault XP
 C = Vault XP percentage of total XP
 D = Non-vault monster count
 E = Vault monster count
 F = Vault count percentage of total count
                 A         B        C        D         E       F
            +---------+---------+-------+---------+---------+-------
      Total |    1176 |     239 |  16.9 |     102 |       1 |   1.0
            +---------+---------+-------+---------+---------+-------
        D:1 |      55 |       0 |   0.0 |      33 |       0 |   0.0
        D:2 |      81 |       0 |   0.0 |      15 |       0 |   0.0
        D:3 |      84 |     239 |  74.0 |      15 |       1 |   6.2
        D:4 |     237 |       0 |   0.0 |      18 |       0 |   0.0
        D:5 |     678 |       0 |   0.0 |      20 |       0 |   0.0
        D:6 |      41 |       0 |   0.0 |       1 |       0 |   0.0
            +---------+---------+-------+---------+---------+-------
